 Dungeon Crawl Stone Soup version 0.17.2-1-ge4368a0 (webtiles) character file.

2200 magipi the Frost Mage (level 9, 0/49 HPs)
             Began as a Gargoyle Ice Elementalist on Nov 13, 2017.
             Was an Initiate of Ru.
             Slain by a wight
             ... wielding a +0 mace
              (5 damage)
             ... on level 8 of the Dungeon.
             The game lasted 00:42:15 (8841 turns).

magipi the Frost Mage (Gargoyle Ice Elementalist)   Turns: 8841, Time: 00:42:15

Health: 0/49       AC: 11    Str: 15    XL:     9   Next: 34%
Magic:  17/17      EV: 12    Int: 22    God:    Ru [......]
Gold:   284        SH:  0    Dex: 10    Spells: 3 memorised, 10 levels left

rFire  . . .     SeeInvis .     a - +1 dagger
rCold  . . .     Clarity  .     e - +0 robe
rNeg   + . .     SustAt   .     (no shield)
rPois  ∞         Gourm    .     g - +1 helmet {Int+3}
rElec  +         Spirit   .     (no cloak)
rCorr  .         Warding  .     I - +0 pair of gloves
rMut   +         Stasis   .     s - +0 pair of boots
MR     .....                    l - amulet of resist mutation
Stlth  ++........               (no ring)
                                y - +3 ring of strength

@: vulnerable, not resistant to hostile enchantments, unstealthy
A: negative energy resistance 1, electricity resistance, unbreathing,
petrification resistance, rot immunity, AC +5
a: Sacrifice Arcana, Sacrifice Experience, Sacrifice Drink, Reject Sacrifices,
Renounce Religion


You were on level 8 of the Dungeon.
You worshipped Ru.
Ru was noncommittal.
You were not hungry.

You visited 2 branches of the dungeon, and saw 11 of its levels.

You collected 422 gold pieces.
You spent 138 gold pieces at shops.

Inventory:

Hand Weapons
 a - a +1 dagger (weapon)
   (You took it off a goblin on level 1 of the Dungeon)
 b - a +0 blowgun
   (You took it off a kobold on level 4 of the Dungeon)
 m - a +0 short sword of freezing
   (You took it off a big kobold on level 10 of the Dungeon)
 u - a +1 dagger of chaos
   (You took it off a crimson imp on level 4 of the Dungeon)
Missiles
 i - 51 poisoned needles
Armour
 e - a +0 robe (worn)
 g - a +1 helmet of intelligence (worn)
   (You bought it in a shop on level 4 of the Dungeon)
 s - a +0 pair of boots (worn)
   (You found it on level 4 of the Dungeon)
 I - a +0 pair of gloves (worn)
   (You found it on level 7 of the Dungeon)
Jewellery
 l - an amulet of resist mutation (around neck)
   (You found it on level 4 of the Dungeon)
 y - a +3 ring of strength (left hand)
   (You found it on level 6 of the Dungeon)
 E - an uncursed ring of positive energy {unknown}
   (You found it on level 10 of the Dungeon)
Wands
 f - a wand of teleportation (0)
   (You found it on level 10 of the Dungeon)
 z - a wand of slowing (16)
   (You took it off a hobgoblin on level 7 of the Dungeon)
Scrolls
 j - 8 scrolls of remove curse
 r - 3 scrolls of fog
 w - a scroll of amnesia
 H - a scroll of enchant weapon
Potions
 d - a potion of brilliance {unknown}
 h - a potion of flight
 o - 2 potions of mutation
 p - 5 potions of ambrosia
 q - 2 potions of curing
 t - a potion of lignification {unknown}
 v - a potion of resistance
 x - a potion of agility {unknown}
 F - a potion of cure mutation {unknown}
Books
 k - a book of Frost

   Spells                             Type                      Level
   a - Freeze                         Ice                          1
   b - Throw Frost                    Conjuration/Ice              2
   c - Ozocubu's Armour               Charms/Ice                   3
   d - Throw Icicle                   Conjuration/Ice              4
   e - Summon Ice Beast               Ice/Summoning                4
   f - Condensation Shield            Ice                          4
 n - a Fen Folio
   (You found it on level 2 of the Dungeon)

   Spells                             Type                      Level
   a - Corpse Rot                     Necromancy                   2
   b - Stone Arrow                    Conjuration/Earth            3
   c - Leda's Liquefaction            Hexes/Earth                  4
   d - Summon Forest                  Summoning/Translocation      5
   e - Hydra Form                     Transmutation                6
   f - Summon Hydra                   Summoning                    7
Comestibles
 c - 3 bread rations
 B - a meat ration


   Skills:
 + Level 2.4 Fighting
 + Level 2.5 Dodging
 - Level 2.1 Stealth
 + Level 5.4 Spellcasting
   Level 1.1 Conjurations
 - Level 6.2 Summonings
 - Level 8.0 Ice Magic


You had 10 spell levels left.
You knew the following spells:

 Your Spells              Type           Power        Failure   Level  Hunger
a - Freeze                Ice            ####         1%          1    None
i - Summon Ice Beast      Ice/Summ       #####...     8%          4    ####...
o - Ozocubu's Armour      Chrm/Ice       ###.....     8%          3    ##.....


Dungeon Overview and Level Annotations

Branches:
Dungeon (10/15)            Temple (1/1) D:6
   Lair: D:8-11         Orc: D:9-12

Altars:
Ashenzari
Cheibriados
Dithmenos
Fedhas
Kikubaaqudgha
Makhleb
Nemelex Xobeh
Okawaru
Qazlal
Ru
Sif Muna
Trog
Vehumet
Xom
Yredelemnul
Zin
The Shining One

Shops:
D:4 [

Annotations:
D:5 Grinder, Menkaure
D:6 exclusion: statue
D:9 Grum


Innate Abilities, Weirdness & Mutations

You are resistant to torment.
Your stone body is resilient (AC +5).
You are immune to poison.
You resist negative energy.
You are resistant to electric shocks.
You can survive without breathing.
You are immune to petrification.
You are immune to rotting.


Message History

The orc wizard blinks!
The hound bites you but does no damage.
Unknown command.
A wight comes into view. It is wielding a scimitar.
The wight hits you with a mace. The wight hits you but does no damage.
The wight hits you but does no damage.
The wight hits you from afar with an enchanted spear!
Found a leatherbound book.
The hound misses you. The hound barely misses you.
A shadow imp comes into view.
The shadow imp shouts, "Remove thy stench, thou fulsome two-tin-hat flim-flammer!"
The hound barely misses you.
All of the chunks of flesh in your inventory have rotted away.
Found a stone staircase leading down.
A wyvern zombie comes into view.
The wight closely misses you.
The wight hits you with an enchanted dire flail.
The wyvern zombie moves out of view.
The wight hits you but does no damage.
You see here 19 arrows.
Unknown command.
The hound bites you but does no damage. The hound barely misses you.
The hound closely misses you.
A crimson imp comes into view.
The hound bites you.
The crimson imp shouts!
The hound barely misses you. The hound closely misses you.
The shadow imp puffs mist at you.
The hound pauses to sniff the ground.
The hound closely misses you.
A worker ant comes into view.
The hound bites you but does no damage.
Ru believes you are ready to make a new sacrifice.
The hound bites you. The shadow imp gestures at you.
Pain shoots through your body! The hound closely misses you.
Unknown command.
Evoke which item? (* to show all) (? for menu, Esc to quit)
Zapping:
f - a wand of teleportation {zapped: 6} (will waste charges)
Press: ? - help, Shift-Dir - straight line, f - you Nothing appears to happen.
The hound misses you.
Unknown command.
Eat which item? (? for menu, Esc to quit)
Okay, then.
Unknown command.
Read which item? (? for menu, Esc to quit)
As you read the scroll labeled KOCUPRUOCA, it crumbles to dust.
Forget which spell ([?*] list [ESC] exit)?
Forget which spell ([?*] list [ESC] exit)?
Okay, then.
It was a scroll of amnesia.
The hound misses you.
The shadow imp laughs crazily.
The hound closely misses you.
Read which item? (? for menu, Esc to quit)
As you read the scroll labeled INKIOFI TIOCLU, it crumbles to dust.
You hear a loud clanging noise!
It was a scroll of noise.
The worker ant twitches its antennae in your direction.
You hear a shout!
The hound bites you but does no damage.
Read which item? (? for menu, Esc to quit)
As you read the scroll labeled KUIC RAKEH, it crumbles to dust.
Magic quickly surges around you.
It was a scroll of vulnerability.
The hound bites you but does no damage.
The crimson imp shouts, "Crawl home, thou droning roguish pignut!"
The wight barely misses you. The shadow imp gestures at you.
Pain shoots through your body! The hound closely misses you.
The shadow imp gestures at you. Pain shoots through your body!
* * * LOW HITPOINT WARNING * * *
The shadow imp spits at you. The hound barely misses you.
Read which item? (? for menu, Esc to quit)
As you read the scroll labeled VALANASOUXT, it crumbles to dust.
The creatures around you are filled with an inner flame!
It was a scroll of immolation.
The hound misses you. The shadow imp puffs mist at you.
Read which item? (? for menu, Esc to quit)
As you read the scroll labeled ZUNOSHR BYNU, it crumbles to dust.
It is a scroll of enchant armour.
Enchant which item? (? for menu, Esc to quit)
Your +0 helmet of intelligence glows green for a moment.
The hound bites you but does no damage.
The orc wizard hits you but does no damage.
The crimson imp blinks!
The hound closely misses you.
Unknown command.
The orc wizard hits you but does no damage.
The orc warrior hits you but does no damage.
Unknown command.
The worker ant bites you.
* * * LOW HITPOINT WARNING * * *
The orc warrior barely misses you. The worker ant bites you.
* * * LOW HITPOINT WARNING * * *
The orc barely misses you. The hound closely misses you.
Unknown command.
The wight hits you with a mace.
You die...

...........zz..##
...............#
...............######
................z..####
..............#####...#
..########....##....###
###.Z..##.####
#...z.....# #@z5......#
#hoaoz...## #..oo....#
###5z..### #z...#
######


You could see an orc warrior (inner flame), a hound (inner flame), a worker ant
(inner flame), 5 wights, an orc wizard (inner flame), a crimson imp (inner
flame), a shadow imp (inner flame), 2 orcs and a quokka zombie.

Vanquished Creatures
  A hungry ghost (D:7)
  A sky beast (D:7)
  A phantom (D:7)
  A giant frog (D:7)
  A scorpion (D:4)
  6 crimson imps
  An orc priest (D:10)
  2 hounds (D:4)
  A worker ant (D:4)
  An iguana (D:4)
  A killer bee zombie (D:10)
  10 adders
  A worm (D:3)
  4 giant geckos
  4 orcs
  11 bats
  7 giant cockroaches
  11 hobgoblins
  11 jackals
  24 kobolds
  5 giant newts
  15 goblins
  A quokka (D:7)
  7 rats
128 creatures vanquished.

Vanquished Creatures (collateral kills)
  Pikel (D:6)
  A troll (D:10)
  A hungry ghost (D:9)
  A hippogriff (D:10)
  A wolf (D:10)
  A phantom (D:5)
  An ice beast (D:7)
  A sky beast (D:6)
  A necrophage (D:10)
  A centaur (D:10)
  2 orc warriors
  A wasp (D:7)
  2 big kobolds
  A giant frog (D:7)
  2 giant frog skeletons
  A crimson imp (D:7)
  3 orc priests
  A sheep (D:6)
  2 iguanas
  A worker ant (D:6)
  4 orc wizards
  2 adders
  A shadow imp (D:5)
  An adder skeleton (D:5)
  6 orcs
  A goblin (D:7)
  A hobgoblin (D:7)
  5 jackals
  A quokka (D:5)
  A giant newt (D:4)
  8 kobolds
57 creatures vanquished.

Vanquished Creatures (others)
  A slave (D:6)
  2 orc wizards (D:6)
  An orc (D:6)
4 creatures vanquished.

Grand Total: 189 creatures vanquished

Notes
Turn   | Place    | Note
--------------------------------------------------------------
     0 | D:1      | magipi the Gargoyle Ice Elementalist began the quest for the Orb.
     0 | D:1      | Reached XP level 1. HP: 10/10 MP: 3/3
   532 | D:1      | Reached XP level 2. HP: 15/15 MP: 3/5
   969 | D:1      | Reached XP level 3. HP: 11/19 MP: 2/6
  1097 | D:1      | Learned a level 3 spell: Ozocubu's Armour
  1709 | D:2      | Reached skill level 4 in Ice Magic
  1825 | D:2      | Reached XP level 4. HP: 24/24 MP: 4/8
  1850 | D:2      | Learned a level 4 spell: Summon Ice Beast
  2418 | D:3      | Reached skill level 1 in Summonings
  2765 | D:3      | Found a stormy altar of Qazlal.
  2866 | D:3      | Reached XP level 5. HP: 22/28 MP: 7/9
  3483 | D:4      | Found a shimmering altar of Xom.
  3505 | D:4      | Found Taginot's Armour Shoppe.
  3567 | D:4      | Bought a +0 helmet of intelligence for 138 gold pieces
  3743 | D:4      | Reached XP level 6. HP: 32/32 MP: 7/10
  3875 | D:4      | Reached skill level 5 in Ice Magic
  4176 | D:4      | Reached XP level 7. HP: 36/36 MP: 9/11
  4660 | D:5      | Entered Level 5 of the Dungeon
  4860 | D:5      | Noticed Menkaure
  4914 | D:5      | Reached skill level 5 in Summonings
  5432 | D:5      | Found a shadowy altar of Dithmenos.
  5487 | D:5      | Noticed Grinder
  5540 | D:6      | Reached skill level 6 in Ice Magic
  5729 | D:6      | Found a radiant altar of Vehumet.
  5755 | D:6      | Found a bloodstained altar of Trog.
  5876 | D:6      | Noticed Pikel
  5915 | D:6      | Killed Pikel
  5915 | D:6      | Reached XP level 8. HP: 41/41 MP: 2/12
  5998 | D:6      | Found a staircase to the Ecumenical Temple.
  6015 | Temple   | Entered the Ecumenical Temple
  6218 | Temple   | Became a worshipper of Ru the Awakened
  6442 | D:6      | You fall through a shaft!
  6633 | D:7      | Reached skill level 7 in Ice Magic
  7678 | D:7      | Reached XP level 9. HP: 35/45 MP: 5/16
  7797 | D:7      | You fall through a shaft for 3 floors!
  7797 | D:10     | Entered Level 10 of the Dungeon
  7848 | D:10     | Reached skill level 1 in Fighting
  7856 | D:10     | Reached skill level 5 in Spellcasting
  7907 | D:9      | Noticed Grum
  7958 | D:10     | Reached skill level 8 in Ice Magic
  8014 | D:10     | Noticed a hill giant
  8551 | D:7      | Found a snail-covered altar of Cheibriados.
  8841 | D:8      | Slain by a wight

Action                   |  1- 3 |  4- 6 |  7- 9 || total
-------------------------+-------+-------+-------++-------
Melee: Dagger            |    22 |    46 |   145 ||   213
       Unarmed           |     2 |       |       ||     2
 Cast: Freeze            |    57 |   110 |    48 ||   215
       Summon Ice Beast  |       |     1 |    56 ||    57
       Ozocubu's Armour  |       |       |     1 ||     1
Evoke: Wand              |       |       |     2 ||     2
  Use: Scroll            |       |    10 |     8 ||    18
       Potion            |       |       |     5 ||     5
 Stab: Distracted        |     1 |       |       ||     1
       Sleeping          |     2 |     4 |     3 ||     9
  Eat: Chunk             |     3 |     8 |    14 ||    25
       Beef jerky        |       |       |     3 ||     3
       Pizza             |       |       |     1 ||     1
       Fruit             |       |       |     5 ||     5
       Royal jelly       |       |       |     1 ||     1
